Map: [EWC] Site Delta

Players

Astrea - Winner!

  • Race: Protoss Protoss
  • Spawn Location: 5:00

GuMiho

  • Race: Terran Terran
  • Spawn Location: 11:00

Event: Esports World Cup 2024

VOD

Have the link to the VOD?

Description

Time

  • Played on: Aug. 14, 2024, 8:03 a.m.
  • Length: 22:14

All games in this series

Show
View Real Time Build Order
Export as new Build Order

Astrea Protoss - Winner!

Build Orders: 1 Gate Expand, Zealot Archon, Dark Templar Rush 

Get SALT Encoding   

  12  0:00  Probe  
  13  0:12  Probe  
  14  0:16  Pylon  
  14  0:24  Probe (Chrono Boost)  
  16  0:36  Gateway, Probe (Chrono Boost)  
  16  0:43  Probe (Chrono Boost)  
  16  0:45  Assimilator  
  17  0:51  Probe  
  18  1:03  Probe  
  19  1:15  Probe  
  20  1:23  Cybernetics Core  
  22  1:37  Nexus  
  22  1:41  Pylon  
  22  1:42  Probe  
  21  1:47  Assimilator  
  21  1:54  Probe  
  21  1:56  Adept (Chrono Boost)  
  21  1:59  Warp Gate  
  24  2:06  Probe  
  25  2:19  Probe  
  25  2:20  Twilight Council  
  26  2:25  Adept  
  28  2:31  Probe  
  29  2:40  Gateway  
  30  2:44  Probe (Chrono Boost)  
  30  2:49  Robotics Facility  
  30  2:50  Probe (Chrono Boost)  
  31  2:56  Probe (Chrono Boost)  
  33  3:00  Probe (Chrono Boost)  
  33  3:03  Probe (Chrono Boost)  
  34  3:06  Probe (Chrono Boost)  
  34  3:09  Probe  
  36  3:13  Dark Shrine  
  36  3:16  Probe  
  37  3:21  Probe  
  37  3:27  Gateway  
  36  3:28  Probe  
  36  3:33  Warp Prism (Chrono Boost), Probe  
  38  3:40  Probe  
  41  3:43  Pylon  
  41  3:45  Probe  
  41  3:46  Assimilator  
  42  3:52  Probe  
  42  3:53  Stalker  
  45  3:59  Probe  
  45  4:01  Stalker  
  48  4:03  Shield Battery  
  48  4:05  Probe  
  49  4:11  Probe  
  50  4:17  Stalker, Pylon, Probe  
  50  4:29  Dark Templar x2  
  51  4:34  Probe (Chrono Boost)  
  51  4:38  Probe (Chrono Boost)  
  50  4:48  Probe (Chrono Boost)  
  50  4:51  Dark Templar  
  50  4:52  Probe (Chrono Boost)  
  54  4:54  Probe (Chrono Boost)  
  54  4:58  Probe  
  54  4:59  Blink (Chrono Boost)  
  56  5:03  Probe  
  56  5:04  Assimilator  
  57  5:10  Probe  
  58  5:15  Probe  
  58  5:19  Pylon  
  57  5:22  Stalker x2, Probe  
  57  5:25  Archon  
  62  5:33  Pylon  
  62  5:37  Probe x2  
  64  5:44  Templar Archives  
  64  5:53  Gateway, Pylon  
  64  5:54  Observer  
  64  5:55  Gateway  
  65  5:57  Gateway  
  65  6:03  Psionic Storm  
  65  6:04  Zealot x2  
  65  6:05  Zealot  
  65  6:08  Pylon  
  65  6:11  Probe  
  72  6:15  Probe  
  73  6:28  Probe  
  73  6:32  High Templar, Probe  
  77  6:35  Charge (Chrono Boost)  
  77  6:38  Nexus  
  77  6:40  Zealot  
  77  6:41  Zealot  
  77  6:44  Probe x2  
  83  6:58  Zealot, High Templar x2  
  89  7:07  Immortal  
  93  7:10  Pylon  
  93  7:11  Zealot, Pylon  
  93  7:14  Pylon  
  93  7:27  Pylon  
  93  7:28  Pylon x2  
  93  7:30  High Templar  
  93  7:31  Zealot x3  
  101  7:37  Nexus  
  101  7:45  Zealot, High Templar  
  105  7:52  Zealot x3  
  111  8:04  Immortal  
  111  8:05  Zealot  
  115  8:09  Archon  
  115  8:10  Zealot  
  115  8:15  Zealot x2  
  119  8:20  Zealot  
  105  8:34  Probe (Chrono Boost)  
  105  8:36  Probe (Chrono Boost)  
  105  8:37  Forge  
  105  8:46  Probe (Chrono Boost)  
  107  8:50  High Templar  
  107  8:51  Nexus, Probe (Chrono Boost)  
  107  8:52  Observer  
  107  8:53  Pylon, Probe x2 (Chrono Boost)  
  110  8:57  High Templar x2  
  110  8:58  Probe  
  110  9:00  Shield Battery  
  115  9:03  Probe  
  115  9:04  Assimilator, Probe  
  115  9:08  Assimilator, Protoss Ground Weapons Level 1 (Chrono Boost)  
  117  9:10  Probe  
  117  9:15  Probe  
  117  9:16  Probe  
  118  9:20  Zealot  
  118  9:23  Zealot x2  
  118  9:33  Stalker x2  
  118  9:34  Probe x2  
  118  9:37  Gateway  
  120  9:39  Gateway  
  120  9:40  Forge  
  120  9:42  Probe  
  121  9:46  Shield Battery, Probe  
  121  9:50  Probe  
  123  9:54  Probe, High Templar x3  
  123  9:57  Immortal  
  130  10:08  Probe x2  
  130  10:09  Zealot x2  
  130  10:14  Archon  
  136  10:20  Probe  
  125  10:22  Probe  
  125  10:24  Probe  
  99  10:31  Archon  
  99  10:32  Zealot, High Templar x4, Probe  
  99  10:33  Zealot, Probe  
  113  10:36  Warp Prism, Probe  
  116  10:46  Probe  
  116  10:47  Pylon  
  116  10:49  Assimilator, Protoss Ground Armor Level 1 (Chrono Boost)  
  117  10:50  Pylon  
  117  10:51  Assimilator, Shield Battery  
  117  10:52  High Templar  
  117  10:53  Photon Cannon  
  117  10:54  Zealot, High Templar  
  123  10:57  Protoss Ground Weapons Level 2 (Chrono Boost)  
  123  11:03  Pylon  
  119  11:11  Stalker x3  
  119  11:12  Stalker  
  127  11:24  High Templar, Immortal (Chrono Boost)  
  127  11:29  Zealot x2  
  127  11:32  Gateway  
  135  11:34  Gateway  
  135  11:40  Zealot x4  
  141  11:53  Stalker x2  
  143  11:56  Archon  
  139  12:01  Zealot x5  
  139  12:07  Archon  
  137  12:11  Immortal (Chrono Boost)  
  141  12:16  High Templar x2  
  141  12:19  Robotics Bay  
  141  12:21  Robotics Facility  
  145  12:24  Zealot x5  
  145  12:28  Protoss Ground Armor Level 2 (Chrono Boost)  
  154  12:37  Nexus  
  154  12:40  Zealot x2  
  154  12:43  Observer (Chrono Boost)  
  159  12:46  Pylon  
  159  12:47  Pylon  
  159  12:57  Pylon  
  157  13:01  Pylon  
  155  13:07  Nexus  
  155  13:12  Pylon  
  155  13:14  High Templar x3  
  155  13:16  Colossus (Chrono Boost)  
  171  13:24  Colossus (Chrono Boost)  
  171  13:27  Stalker  
  171  13:28  Stalker x4  
  171  13:32  Protoss Ground Weapons Level 3 (Chrono Boost)  
  181  13:37  Extended Thermal Lance  
  179  13:53  Probe x4  
  179  13:54  Probe  
  179  13:55  High Templar, Photon Cannon  
  179  13:56  Shield Battery  
  179  13:59  Zealot x8  
  179  14:00  Colossus (Chrono Boost)  
  187  14:16  Probe x2  
  187  14:21  Observer (Chrono Boost)  
  187  14:23  Shadow Stride  
  188  14:26  Dark Templar  
  190  14:32  Stalker x5  
  190  14:33  Pylon  
  190  14:36  Observer  
  198  14:53  Gateway  
  198  14:55  Gateway, Observer x2  
  198  14:56  Gateway  
  198  14:58  Gateway x2  
  198  14:59  Assimilator  
  200  15:00  Assimilator  
  200  15:02  Photon Cannon  
  200  15:03  Photon Cannon x2  
  200  15:05  Shield Battery, Photon Cannon  
  200  15:11  Observer  
  199  15:46  Pylon, Photon Cannon  
  199  15:47  Photon Cannon x2  
  199  15:56  Photon Cannon  
  199  16:01  Pylon  
  199  16:03  Photon Cannon  
  199  16:06  Nexus  
  197  16:14  Zealot x2  
  195  16:19  Zealot x2  
  195  16:20  Zealot x2  
  195  16:25  Zealot x8  
  197  16:28  Observer  
  197  16:30  Observer  
  197  16:43  Stargate  
  196  16:53  High Templar x2  
  193  17:03  High Templar x6  
  193  17:04  Zealot x3, High Templar  
  189  17:28  Stalker x3  
  189  17:32  Cybernetics Core, Gateway  
  189  17:33  Gateway  
  189  17:36  Fleet Beacon  
  173  18:01  Archon  
  171  18:06  Observer  
  167  18:15  Gateway x2  
  167  18:19  Gateway  
  167  18:44  Observer  
  167  18:45  Pylon  
  167  18:49  Pylon  
  167  18:53  Pylon  
  167  19:06  Pylon  
  167  19:08  Pylon  
  167  19:11  Pylon  
  167  19:13  Pylon  
  167  19:16  Pylon  
  167  19:19  Pylon  
  167  19:26  Probe x4  
  175  19:43  Probe x3 (Chrono Boost)  
  180  19:46  Mothership (Chrono Boost)  
  180  19:52  Probe (Chrono Boost)  
  159  20:10  Stalker x12  
  159  20:12  Probe x3 (Chrono Boost)  
  189  20:29  Probe (Chrono Boost)  
  189  20:30  Probe x2 (Chrono Boost)  
  189  20:36  Probe x3 (Chrono Boost)  
  189  20:42  Forge  
  192  20:44  Twilight Council x2  
  192  20:48  Probe x3  
  193  20:51  Probe  
  192  21:00  Probe x2  
  192  21:03  Probe  
  171  21:12  Probe x2  
  149  21:24  Stalker x5  
  149  21:25  Stalker x7  
  157  21:49  Stalker x7  
  157  21:50  Stalker  
  163  21:59  Stalker x2  
  165  22:08  Nexus  
Show
View Real Time Build Order
Export as new Build Order

GuMiho Terran 

Build Orders: Cyclone Opening 

Get SALT Encoding   

  12  0:00  SCV  
  13  0:12  SCV  
  14  0:16  Supply Depot  
  14  0:24  SCV  
  15  0:38  SCV  
  15  0:39  Barracks  
  15  0:42  Refinery  
  16  0:50  SCV  
  17  1:02  SCV  
  18  1:14  SCV  
  19  1:25  Marine  
  19  1:27  Orbital Command  
  20  1:39  Command Center  
  20  1:49  Factory  
  20  1:53  SCV  
  21  1:58  Refinery  
  21  2:01  Barracks Reactor  
  21  2:05  SCV  
  22  2:11  Supply Depot  
  22  2:17  SCV  
  23  2:32  SCV  
  23  2:33  Starport  
  24  2:38  Marine x2  
  24  2:40  Cyclone  
  28  2:44  SCV  
  29  2:51  Orbital Command  
  29  2:57  SCV  
  29  2:58  Marine  
  31  2:59  Marine  
  32  3:09  SCV  
  32  3:10  Medivac  
  35  3:13  Supply Depot  
  35  3:15  Orbital Command  
  35  3:17  Factory Tech Lab  
  36  3:23  SCV  
  37  3:27  Marine x2  
  38  3:35  SCV  
  38  3:41  SCV  
  40  3:44  Factory Tech Lab  
  40  3:45  Marine x2  
  42  3:48  SCV  
  42  3:50  Raven  
  42  3:51  Supply Depot  
  42  3:53  SCV  
  46  3:57  Barracks  
  46  4:03  Siege Tank, Barracks  
  46  4:06  SCV  
  46  4:08  SCV  
  51  4:10  Marine  
  51  4:12  Marine  
  53  4:17  Supply Depot  
  53  4:19  SCV  
  53  4:20  SCV  
  55  4:28  Marine  
  55  4:31  SCV, Marine, Engineering Bay  
  57  4:32  SCV  
  58  4:43  SCV  
  58  4:44  SCV  
  58  4:45  Siege Tank, Marine  
  63  4:49  Marine, Refinery  
  65  4:57  SCV x2  
  66  5:04  Terran Infantry Weapons Level 1  
  65  5:09  SCV x2  
  67  5:21  SCV  
  67  5:22  Supply Depot  
  67  5:32  SCV  
  67  5:33  SCV  
  67  5:34  Supply Depot  
  69  5:37  Stimpack  
  69  5:41  Combat Shield  
  69  5:42  Starport Reactor  
  69  5:44  SCV  
  69  5:45  SCV  
  69  5:49  Marine x2  
  73  5:55  Marauder  
  73  5:56  Supply Depot, SCV  
  76  5:57  SCV  
  76  5:58  Supply Depot, Marauder  
  76  5:59  Factory Reactor  
  76  6:03  Missile Turret  
  79  6:08  SCV, Marine x2  
  79  6:09  SCV  
  83  6:16  Marauder  
  84  6:20  SCV, Marauder, Medivac  
  84  6:25  Supply Depot, Medivac  
  91  6:31  SCV  
  91  6:32  SCV  
  92  6:34  Supply Depot  
  92  6:38  Marauder  
  92  6:39  Supply Depot  
  94  6:41  Marauder  
  94  6:46  Marine x2  
  98  6:48  Widow Mine  
  98  6:49  Widow Mine  
  100  6:58  Medivac  
  100  6:59  Marauder  
  104  7:02  Marauder  
  106  7:10  Marine, Command Center  
  106  7:14  Terran Infantry Armor Level 1  
  107  7:17  Barracks  
  107  7:18  SCV  
  107  7:19  Barracks  
  107  7:21  Supply Depot, Marine x2  
  110  7:26  Concussive Shells  
  110  7:27  Marauder  
  110  7:28  Marine  
  112  7:39  Marine x2  
  112  7:45  Command Center  
  112  7:49  Marauder  
  113  7:53  Marine  
  113  7:57  Marine, Marauder  
  116  8:01  Widow Mine x2, Medivac x2  
  124  8:09  Marine  
  124  8:11  Marine  
  123  8:13  Barracks Tech Lab  
  123  8:15  Marine, Barracks Reactor  
  123  8:16  Refinery  
  123  8:19  Marauder  
  126  8:25  Barracks Reactor  
  114  8:28  Marauder  
  114  8:29  Marine  
  114  8:32  Marine  
  95  8:36  Widow Mine x2  
  95  8:37  Medivac  
  95  8:40  Marauder  
  101  8:42  Missile Turret  
  101  8:47  Marine, Ghost Academy  
  102  8:49  Marauder  
  102  8:50  Marine  
  102  8:51  Marauder  
  107  8:56  SCV x2  
  107  9:02  Marine, Marauder, Widow Mine x2  
  115  9:04  Marine  
  115  9:05  Marine  
  115  9:08  Marine  
  119  9:11  Marauder  
  119  9:12  Marine  
  119  9:13  SCV  
  119  9:14  SCV  
  124  9:20  Marine  
  124  9:21  Armory  
  124  9:23  Marauder  
  127  9:28  Marine  
  127  9:30  Marine, Marauder  
  129  9:32  Marauder  
  129  9:34  Widow Mine  
  133  9:40  SCV  
  133  9:44  Orbital Command  
  134  9:47  SCV  
  135  9:53  SCV  
  135  9:57  Marine  
  135  9:58  Marauder x2  
  135  9:59  SCV  
  142  10:05  Widow Mine x2  
  146  10:08  Supply Depot  
  146  10:10  Supply Depot  
  146  10:19  Marauder  
  126  10:23  Medivac x2  
  126  10:26  Widow Mine x2  
  98  10:29  Marine x2, Marauder x2  
  98  10:31  Marine x2  
  98  10:34  SCV x2  
  100  10:41  Ghost  
  102  10:49  Marine x3  
  105  10:50  Ghost x2  
  105  10:51  Terran Infantry Weapons Level 2  
  109  11:00  Marine  
  110  11:07  Marine  
  110  11:09  Marine x2  
  110  11:11  Marauder  
  115  11:19  Marauder  
  115  11:20  Marine  
  115  11:22  Ghost  
  115  11:25  Command Center  
  116  11:27  Refinery x2  
  116  11:28  Marine x2  
  116  11:29  Marine  
  116  11:31  Ghost, Sensor Tower  
  121  11:37  Widow Mine x2  
  125  11:40  Ghost  
  125  11:41  Barracks  
  125  11:42  Barracks x2  
  127  11:57  Marine x2, Marauder  
  127  11:59  Marine  
  127  12:00  Marine, Marauder  
  116  12:09  Marauder  
  116  12:15  Marine x2  
  121  12:17  Marine x2  
  121  12:18  Viking x2  
  121  12:19  Marauder  
  121  12:21  SCV  
  121  12:22  SCV, Marauder  
  129  12:25  SCV  
  130  12:30  Marauder  
  130  12:33  Marine  
  133  12:39  Planetary Fortress  
  133  12:40  Barracks Tech Lab, Marauder  
  133  12:41  Barracks Tech Lab, Barracks Reactor  
  133  12:42  Engineering Bay  
  133  12:43  Marauder  
  137  12:49  Marine  
  137  12:50  Marine  
  139  12:52  Marine, Marauder  
  139  12:54  Marine, Missile Turret  
  143  12:59  Widow Mine x2  
  143  13:01  Marauder  
  143  13:05  Marauder  
  150  13:09  Terran Infantry Armor Level 2, Terran Infantry Weapons Level 3  
  147  13:12  Marine  
  147  13:13  Marine x3, Marauder x2  
  147  13:17  SCV x3  
  147  13:18  Terran Ship Weapons Level 1  
  158  13:20  Fusion Core  
  158  13:21  Marauder  
  158  13:24  Marine, Marauder  
  158  13:26  Missile Turret  
  163  13:31  Missile Turret  
  163  13:33  SCV x2  
  163  13:34  Marine x2, Marauder  
  163  13:40  Marine, Marauder x2  
  163  13:41  Marine  
  172  13:52  Viking  
  172  13:53  Viking  
  172  13:54  Marauder x2  
  180  13:56  Marine  
  180  14:02  Marine x2, Marauder  
  180  14:03  Caduceus Reactor  
  174  14:22  Liberator x2  
  180  14:25  Starport x2  
  180  14:28  Refinery x2  
  180  14:45  Command Center  
  177  14:59  Advanced Ballistics  
  177  15:01  Starport Reactor  
  177  15:03  Starport Reactor  
  177  15:09  Liberator  
  177  15:10  Supply Depot  
  177  15:11  Supply Depot, Liberator  
  178  15:40  Terran Ship Weapons Level 2  
  178  15:42  Terran Infantry Armor Level 3  
  178  15:52  Liberator  
  178  15:53  Missile Turret  
  178  15:54  Liberator, Sensor Tower  
  184  16:03  Marine, Marauder x2  
  187  16:05  Command Center  
  187  16:07  Refinery  
  187  16:10  Refinery  
  184  16:13  Marine  
  184  16:14  Marine, Marauder x2  
  184  16:15  Marauder  
  192  16:24  Marauder x2  
  178  16:29  Marine  
  178  16:30  Marine x3  
  178  16:31  Marine  
  178  16:32  Marine  
  177  16:34  Liberator x4  
  177  16:35  Marauder x2  
  177  16:36  Marauder  
  189  16:46  Marauder x2  
  193  16:48  Marine  
  193  16:53  Planetary Fortress  
  193  16:56  Marauder  
  169  17:33  Starport x2  
  169  17:34  Supply Depot x2, Starport  
  169  17:35  Supply Depot  
  159  17:54  Planetary Fortress  
  159  17:57  Engineering Bay  
  137  18:12  Starport Reactor x2  
  131  18:26  Supply Depot  
  131  18:29  Supply Depot  
  131  18:31  Supply Depot x2  
  131  18:32  Supply Depot  
  131  18:33  Supply Depot  
  131  18:34  Supply Depot, Barracks  
  131  18:36  Barracks  
  131  18:37  Barracks  
  131  18:38  Barracks  
  113  19:05  Supply Depot  
  113  19:26  Liberator  
  116  19:33  Liberator  
  116  19:39  Liberator  
  116  20:00  Liberator  
  116  20:02  Liberator  
  116  20:07  Marine  
  95  20:09  Liberator  
  99  20:14  Barracks Tech Lab  
  99  20:16  Liberator  
  102  20:21  Supply Depot  
  102  20:24  Supply Depot  
  102  20:25  Marine x3  
  105  20:28  Refinery  
  105  20:34  SCV  
  105  20:35  SCV  
  107  20:38  Marine  
  108  20:43  Marine x2  
  111  20:56  SCV x2, Marine  
Tags
 
Add a new tag
Caveats
  • Supply blocks, unpowered buildings, or Contaminate may cause inaccurate times.
  • Supply counts are checked every 10 seconds.